Map: [ESL] Equilibrium

Players

LiquidClem (Clem) - Winner!

  • Race: Terran Terran
  • League: Grandmaster
  • Spawn Location: 1:00

SKillous

  • Race: Protoss Protoss
  • League: Grandmaster
  • Spawn Location: 11:00

Event: HomeStory Cup XXIV

VOD

Have the link to the VOD?

Description

Time

  • Played on: Dec. 3, 2023, 5:04 p.m.
  • Length: 22:12

All games in this series

Show
View Real Time Build Order
Export as new Build Order

LiquidClem Terran - Winner!

Build Orders:  

Get SALT Encoding   

  12  0:00  SCV  
  13  0:13  Supply Depot  
  13  0:18  SCV  
  14  0:30  SCV  
  15  0:36  Barracks  
  15  0:43  Refinery  
  15  0:46  SCV  
  16  0:59  SCV  
  16  1:00  Refinery  
  17  1:11  SCV  
  18  1:24  Reaper  
  18  1:25  Orbital Command  
  19  1:31  Supply Depot  
  19  1:44  Factory  
  19  1:50  SCV  
  20  1:57  Reaper  
  21  2:03  SCV  
  22  2:22  Command Center  
  22  2:23  SCV  
  23  2:34  Starport  
  23  2:39  SCV  
  23  2:42  Widow Mine  
  26  2:48  Supply Depot  
  27  2:51  SCV  
  27  3:03  Widow Mine, SCV  
  30  3:11  Medivac  
  32  3:16  SCV  
  33  3:25  Widow Mine  
  35  3:28  SCV  
  35  3:30  Barracks  
  36  3:37  Orbital Command  
  36  3:40  SCV  
  37  3:44  Viking  
  37  3:47  Factory Tech Lab  
  39  3:51  Barracks Reactor  
  39  3:52  SCV  
  39  3:55  Orbital Command  
  40  4:04  SCV  
  40  4:08  Barracks  
  40  4:09  Siege Tank  
  44  4:15  Starport Tech Lab  
  44  4:16  SCV  
  45  4:22  Marine  
  45  4:23  SCV  
  47  4:28  SCV, Marine  
  47  4:29  Engineering Bay  
  47  4:34  Marine  
  47  4:35  SCV  
  47  4:40  SCV  
  47  4:41  Supply Depot  
  48  4:47  Siege Tank, SCV  
  48  4:48  Refinery  
  48  4:49  Marine  
  48  4:51  Stimpack, Marine  
  54  5:02  SCV x2, Marine  
  54  5:03  Supply Depot  
  57  5:07  Marine  
  57  5:11  Marauder  
  57  5:12  Terran Infantry Weapons Level 1  
  60  5:14  SCV  
  60  5:16  SCV  
  60  5:20  Supply Depot  
  62  5:25  Marine  
  62  5:26  Factory Reactor, SCV  
  62  5:27  Supply Depot  
  62  5:28  Marauder  
  66  5:29  SCV  
  66  5:30  Marine  
  66  5:32  Refinery  
  66  5:33  Combat Shield  
  68  5:37  Marauder  
  68  5:41  SCV x2  
  68  5:42  Starport Reactor  
  72  5:43  Marine  
  72  5:52  Supply Depot, Marine, Marauder  
  72  5:54  SCV x2  
  76  5:59  Marauder  
  76  6:01  Marine  
  76  6:02  Widow Mine  
  76  6:03  Widow Mine  
  83  6:05  Supply Depot  
  83  6:10  Marine  
  84  6:13  Marauder  
  86  6:19  Supply Depot, Medivac, Marine  
  86  6:20  Marauder  
  86  6:21  Medivac  
  93  6:27  Armory  
  93  6:33  Widow Mine x2  
  93  6:35  Marine, Supply Depot  
  93  6:36  Marauder  
  100  6:41  Marauder  
  100  6:42  Supply Depot  
  100  6:43  Marine  
  100  6:45  SCV  
  100  6:46  SCV  
  105  6:50  Concussive Shells  
  105  6:53  Marine  
  106  6:54  Widow Mine  
  106  6:55  Widow Mine  
  106  6:57  Medivac, SCV  
  113  7:02  Marine  
  113  7:04  Medivac  
  114  7:11  Marauder x2  
  118  7:17  Marine  
  118  7:21  Marine  
  118  7:22  Widow Mine x2  
  123  7:25  Supply Depot  
  123  7:26  Supply Depot  
  123  7:30  Medivac  
  125  7:41  Command Center  
  125  7:46  Marine  
  125  7:47  Marauder x2  
  125  7:49  Supply Depot, Widow Mine x2  
  132  7:52  Medivac  
  132  7:56  Marine  
  132  7:57  Terran Infantry Armor Level 1  
  135  8:01  SCV x2  
  136  8:07  Barracks  
  136  8:10  Barracks  
  135  8:13  SCV  
  135  8:14  Widow Mine  
  135  8:19  Marauder x2  
  142  8:21  Marine x2, Supply Depot  
  142  8:22  SCV  
  142  8:25  SCV  
  146  8:30  Widow Mine  
  146  8:33  Medivac  
  146  8:34  Supply Depot  
  149  8:41  Medivac  
  149  8:42  Marauder  
  149  8:43  Widow Mine  
  149  8:44  SCV  
  149  8:46  SCV  
  153  8:51  Widow Mine  
  153  8:52  Marauder  
  153  8:54  Marine x2  
  153  9:01  Barracks Reactor, Barracks Tech Lab  
  150  9:03  SCV  
  150  9:04  SCV  
  150  9:07  Marauder  
  150  9:09  Medivac  
  154  9:12  Marine x2  
  154  9:13  Marauder  
  154  9:15  Orbital Command  
  156  9:17  Supply Depot, SCV  
  156  9:21  Widow Mine x2  
  156  9:23  SCV  
  162  9:29  SCV  
  162  9:31  Ghost Academy  
  159  9:35  SCV, Marine x2  
  159  9:37  Marauder x2  
  159  9:38  Marauder  
  168  9:41  SCV  
  168  9:42  SCV  
  168  9:43  Supply Depot  
  170  9:45  Marine x2  
  170  9:50  Bunker, Refinery  
  170  9:53  Marine, Widow Mine x2  
  170  9:58  Supply Depot  
  173  10:00  Ghost, Refinery  
  173  10:02  Ghost  
  176  10:10  Ghost  
  176  10:11  Marine x2  
  165  10:14  Viking x2, Widow Mine  
  165  10:16  Marine, Widow Mine  
  165  10:19  SCV x2  
  172  10:23  SCV  
  172  10:24  Marine  
  172  10:30  Marauder  
  172  10:31  SCV  
  172  10:34  Marine  
  153  10:36  Widow Mine  
  153  10:37  Widow Mine, Marine x2  
  153  10:38  Marauder  
  143  10:43  SCV x2  
  143  10:44  Viking, SCV  
  143  10:45  Marine, Medivac, Marauder  
  143  10:51  Marine  
  143  10:52  Marine  
  143  10:55  SCV, Marine  
  146  10:59  Marauder  
  146  11:00  Marine  
  146  11:03  Widow Mine  
  149  11:05  Marine  
  149  11:06  Marauder  
  149  11:07  SCV  
  149  11:08  Marine  
  149  11:10  SCV x2  
  144  11:17  Viking  
  144  11:19  SCV  
  144  11:22  SCV x2  
  144  11:23  Ghost  
  144  11:24  Marine  
  144  11:25  Marine x2  
  150  11:26  Marine  
  150  11:32  Terran Infantry Weapons Level 2  
  149  11:33  Marine  
  149  11:34  SCV  
  149  11:36  SCV  
  154  11:40  SCV, Marauder  
  154  11:46  Marine x2  
  159  11:48  Marine  
  156  11:55  Starport Reactor  
  156  11:56  Ghost  
  150  12:02  Refinery  
  150  12:04  Command Center, Marine  
  150  12:06  Engineering Bay  
  150  12:07  Factory Reactor  
  151  12:09  Marine x2  
  151  12:10  Ghost  
  151  12:11  Ghost  
  151  12:14  SCV  
  158  12:16  Marine  
  158  12:21  SCV  
  158  12:22  Bunker, Sensor Tower  
  160  12:24  SCV  
  160  12:26  Marauder  
  160  12:29  Marine x3  
  165  12:30  Viking  
  165  12:33  Viking  
  165  12:36  Marine  
  170  12:40  Terran Infantry Armor Level 2  
  170  12:41  Marine  
  170  12:42  Marine  
  172  12:50  Marauder  
  174  12:52  Barracks  
  174  12:53  Barracks x2  
  174  12:56  Widow Mine x2  
  176  13:00  SCV, Marauder x2  
  176  13:01  SCV x2  
  178  13:07  Viking  
  178  13:11  Marine  
  178  13:12  Marauder  
  156  13:16  SCV  
  156  13:18  Marine  
  155  13:20  SCV x2  
  155  13:21  Marauder  
  155  13:26  Marine  
  158  13:27  Viking  
  158  13:28  SCV  
  158  13:29  Marauder, Marine x2  
  158  13:32  SCV x2  
  158  13:33  Marauder  
  169  13:40  SCV  
  170  13:43  Medivac  
  170  13:44  SCV x2  
  170  13:45  Marine  
  170  13:47  Refinery  
  170  13:48  Refinery  
  175  13:49  Planetary Fortress  
  175  14:03  Ghost  
  175  14:05  Ghost  
  175  14:07  Missile Turret  
  175  14:09  Ghost  
  179  14:12  Barracks Tech Lab x2  
  179  14:15  Viking  
  179  14:18  Marine  
  176  14:31  Command Center  
  170  14:32  Marauder  
  170  14:34  Bunker, Marauder  
  170  14:35  Marine  
  170  14:36  Sensor Tower, Marine  
  170  14:38  Marauder, Marine  
  178  14:42  Ghost, Marine  
  178  14:44  Marauder, SCV  
  176  14:51  Widow Mine x2  
  180  14:53  Marine x2  
  180  14:54  Marine, Medivac x2  
  180  14:56  Marine, Marauder  
  185  15:00  Marauder  
  185  15:01  Marine  
  185  15:05  Ghost  
  185  15:06  Sensor Tower  
  186  15:11  Marauder  
  186  15:12  Command Center, Marauder  
  189  15:15  Missile Turret  
  189  15:21  Terran Infantry Weapons Level 3  
  189  15:23  Marauder, SCV x3  
  189  15:24  Marine  
  193  15:30  Medivac  
  193  15:32  Medivac  
  193  15:36  Supply Depot  
  193  15:37  Sensor Tower  
  193  15:38  Marauder  
  187  15:47  Marine  
  187  15:48  Marine  
  161  15:50  Marine x2  
  161  15:51  Marauder  
  161  15:53  Marine  
  144  15:58  Marauder  
  144  15:59  Marine, Widow Mine x2  
  144  16:00  Viking, Marine  
  144  16:02  Marine  
  151  16:05  Marine  
  151  16:07  Marine  
  150  16:12  Ghost  
  150  16:13  Marine x2, Medivac  
  150  16:16  Marine  
  150  16:18  Marauder  
  159  16:21  Terran Ship Weapons Level 1  
  161  16:26  SCV x2  
  161  16:27  SCV  
  161  16:28  SCV, Marine  
  161  16:29  Medivac  
  161  16:31  Marine  
  171  16:34  Sensor Tower  
  171  16:38  SCV x2  
  173  16:45  Marauder, Marine  
  173  16:46  Refinery, Marauder, Starport  
  175  16:48  Viking  
  175  16:50  Planetary Fortress  
  175  16:53  Unknown  
  176  16:56  Marauder  
  176  16:59  Fusion Core  
  176  17:00  Marauder, Marine  
  180  17:04  Medivac  
  180  17:06  Marine, Marauder  
  180  17:07  Marauder  
  187  17:10  Marine x2  
  187  17:14  Marauder  
  191  17:18  Missile Turret, Marauder  
  191  17:22  Marauder  
  194  17:25  Missile Turret  
  194  17:27  Marauder  
  194  17:29  Command Center  
  196  17:30  Marauder  
  196  17:34  Marine  
  196  17:35  Marine  
  200  17:46  Advanced Ballistics  
  200  17:47  Starport  
  200  18:01  Terran Infantry Armor Level 3, Missile Turret  
  200  18:03  Missile Turret  
  200  18:04  Missile Turret  
  200  18:15  Terran Ship Weapons Level 2, Command Center  
  200  18:27  Command Center x2  
  200  18:35  Missile Turret  
  200  18:36  Sensor Tower  
  200  18:38  Starport Reactor  
  200  18:54  Medivac, Refinery x2  
  191  18:58  Caduceus Reactor  
  191  19:00  Liberator x3  
  191  19:01  Ghost x2  
  191  19:02  Ghost x2  
  189  19:04  Planetary Fortress  
  189  19:08  Marine  
  192  19:13  Marine x2  
  192  19:18  Command Center  
  192  19:21  Missile Turret  
  192  19:22  Liberator  
  195  19:25  Liberator  
  195  19:30  Marauder  
  200  19:43  Personal Cloaking  
  200  19:46  Orbital Command x3  
  200  19:53  Command Center  
  200  19:55  Armory  
  200  20:05  Missile Turret  
  194  20:14  Liberator  
  194  20:15  Ghost  
  194  20:16  Marine  
  194  20:18  Liberator x2  
  194  20:20  Marine  
  194  20:21  Liberator x2, Marine  
  180  20:22  Marauder x2, Marine x2  
  180  20:27  Liberator  
  180  20:32  Marine  
  180  20:35  Marine x2  
  176  20:38  Marine  
  176  20:40  Marine  
  176  20:45  Marauder  
  177  20:50  Marine x2  
  177  20:51  Marauder, Marine x2  
  177  20:53  Marine  
  177  20:54  Marauder  
  186  20:57  Liberator  
  186  20:58  Orbital Command  
  186  21:01  Liberator x2  
  195  21:04  Liberator  
  195  21:06  Marauder  
  188  21:47  Marine  
  188  21:48  Marine  
  188  21:49  Marauder x2, Marine x3  
  188  21:50  Marine x2  
Show
View Real Time Build Order
Export as new Build Order

SKillous Protoss 

Build Orders: Phoenix Opening, Blink Stalkers, Zealot Archon 

Get SALT Encoding   

  12  0:00  Probe  
  13  0:12  Probe  
  14  0:17  Pylon  
  14  0:24  Probe  
  15  0:38  Gateway  
  15  0:40  Probe (Chrono Boost)  
  16  0:45  Assimilator  
  16  0:49  Probe (Chrono Boost)  
  17  0:54  Probe (Chrono Boost)  
  18  1:06  Probe  
  20  1:18  Probe  
  20  1:25  Cybernetics Core  
  20  1:26  Zealot  
  22  1:39  Pylon  
  22  1:46  Nexus  
  22  1:49  Probe  
  23  1:57  Assimilator  
  23  2:01  Probe  
  23  2:02  Stalker (Chrono Boost)  
  26  2:18  Probe  
  27  2:24  Warp Gate  
  27  2:30  Probe  
  27  2:35  Sentry  
  30  2:42  Probe (Chrono Boost)  
  30  2:52  Twilight Council  
  30  2:54  Probe (Chrono Boost)  
  31  3:01  Gateway  
  31  3:02  Probe x2 (Chrono Boost)  
  31  3:05  Phoenix  
  33  3:08  Shield Battery  
  33  3:09  Probe (Chrono Boost)  
  33  3:11  Probe (Chrono Boost)  
  35  3:14  Probe (Chrono Boost)  
  36  3:20  Probe  
  36  3:23  Blink (Chrono Boost)  
  36  3:26  Probe  
  38  3:33  Probe  
  39  3:37  Robotics Facility  
  39  3:38  Probe, Pylon  
  40  3:45  Probe  
  41  3:50  Probe  
  42  3:57  Probe  
  44  4:02  Probe  
  44  4:09  Probe  
  45  4:13  Stalker x2  
  45  4:17  Nexus, Probe  
  49  4:19  Pylon  
  49  4:21  Probe  
  51  4:25  Observer (Chrono Boost)  
  51  4:29  Probe  
  53  4:45  Probe  
  53  4:47  Probe  
  53  4:49  Observer  
  55  4:57  Probe  
  55  4:59  Probe  
  57  5:04  Stalker  
  59  5:10  Probe  
  59  5:11  Charge, Forge, Probe  
  61  5:17  Observer  
  62  5:26  Gateway x2  
  64  5:28  Probe x2  
  64  5:29  Probe  
  65  5:36  Protoss Ground Weapons Level 1 (Chrono Boost)  
  65  5:38  Gateway  
  65  5:40  Probe x2  
  65  5:41  Gateway  
  67  5:46  Probe  
  67  5:52  Probe  
  67  5:54  Probe  
  69  5:57  Gateway  
  69  5:58  Unknown  
  69  5:59  Sentry, Gateway  
  69  6:00  Pylon  
  69  6:01  Pylon  
  69  6:02  Warp Prism (Chrono Boost)  
  73  6:11  Zealot  
  73  6:13  Observer  
  75  6:19  Gateway  
  75  6:21  Gateway, Pylon  
  75  6:28  Templar Archives  
  75  6:30  Zealot x3  
  75  6:32  Shield Battery  
  81  6:36  Photon Cannon  
  81  6:40  Observer  
  81  6:41  Zealot x3  
  87  6:50  Zealot x3  
  93  6:59  Stalker x2  
  97  7:04  Zealot x2  
  97  7:07  Observer  
  101  7:11  Pylon  
  101  7:12  Zealot, Pylon  
  101  7:13  Pylon  
  97  7:23  Stalker x2  
  97  7:25  Observer  
  97  7:26  Protoss Ground Armor Level 1 (Chrono Boost), Probe (Chrono Boost)  
  98  7:30  Probe (Chrono Boost)  
  98  7:32  Probe (Chrono Boost)  
  98  7:33  Zealot x3  
  98  7:35  Probe (Chrono Boost)  
  106  7:38  Probe (Chrono Boost)  
  106  7:39  High Templar x2, Probe (Chrono Boost)  
  106  7:42  Zealot x3  
  117  7:45  Photon Cannon  
  117  7:47  Archon  
  117  7:49  Nexus  
  117  7:52  Observer  
  117  8:01  Shield Battery, Pylon  
  117  8:03  Stalker x4  
  123  8:07  Pylon  
  123  8:08  Pylon  
  119  8:15  Pylon  
  117  8:24  High Templar x2, Zealot x4  
  123  8:28  Archon  
  123  8:29  Gateway, Cybernetics Core  
  123  8:46  Zealot x4  
  123  8:47  Zealot x3  
  137  8:56  Observer (Chrono Boost)  
  132  9:05  Stalker x2  
  132  9:06  Observer  
  132  9:09  Probe  
  135  9:13  Zealot x4  
  135  9:14  Zealot x2  
  135  9:16  Observer (Chrono Boost)  
  148  9:21  Pylon  
  148  9:22  Probe x2  
  148  9:23  Probe  
  151  9:25  Zealot x2  
  151  9:26  Probe, Robotics Bay  
  151  9:28  Robotics Facility  
  156  9:35  Probe  
  156  9:36  Zealot x5  
  167  9:38  Probe  
  167  9:43  Zealot x2  
  170  9:58  Pylon  
  170  9:59  Photon Cannon  
  168  10:02  Zealot x6  
  144  10:24  Colossus (Chrono Boost)  
  144  10:25  Zealot x10  
  136  10:40  Colossus (Chrono Boost)  
  119  10:44  Probe  
  118  10:50  Zealot x6  
  118  10:51  Zealot  
  118  10:52  Probe  
  118  10:57  Probe  
  132  11:11  Probe x3  
  123  11:12  Probe  
  123  11:16  Colossus (Chrono Boost)  
  129  11:23  Probe x3  
  129  11:25  Sentry  
  129  11:26  Observer x2 (Chrono Boost), Zealot x6  
  129  11:28  Pylon  
  137  11:33  Zealot x2  
  137  11:39  Probe  
  138  11:41  Protoss Ground Weapons Level 2 (Chrono Boost), Photon Cannon  
  138  11:43  Observer  
  138  11:45  Observer  
  138  11:46  Warp Prism (Chrono Boost)  
  140  11:48  Stalker x2  
  142  12:03  Nexus  
  142  12:05  Probe  
  142  12:06  Probe  
  144  12:16  Disruptor x2 (Chrono Boost)  
  144  12:17  Zealot  
  144  12:18  Zealot x2  
  144  12:19  Zealot  
  160  12:25  High Templar x4  
  160  12:28  High Templar, Shield Battery  
  160  12:29  High Templar, Archon x2  
  172  12:34  Archon  
  172  12:35  Gravitic Drive  
  172  12:39  Forge  
  172  12:50  Disruptor  
  168  12:58  Zealot x8  
  172  13:05  Observer  
  172  13:07  Observer  
  138  13:15  Zealot x2  
  136  13:20  Probe  
  136  13:23  Protoss Ground Armor Level 2 (Chrono Boost)  
  135  13:30  Sentry, Zealot x7  
  135  13:31  Warp Prism (Chrono Boost)  
  135  13:32  Assimilator  
  135  13:33  Assimilator  
  151  13:46  Nexus  
  151  13:51  Stalker x4  
  151  13:52  Zealot  
  151  13:53  Observer  
  161  13:57  Observer  
  161  14:00  Pylon  
  161  14:07  Zealot x3  
  161  14:08  Zealot x2  
  161  14:31  Protoss Ground Weapons Level 3 (Chrono Boost)  
  161  14:34  Zealot x8  
  161  14:35  Zealot x2  
  181  14:40  Gateway  
  171  14:45  Gateway  
  171  14:50  Robotics Facility x2  
  169  14:55  Zealot x3, Stalker x4  
  169  14:56  Zealot  
  167  15:14  Observer  
  165  15:16  Zealot x6  
  177  15:22  Zealot x4  
  185  15:34  Immortal x2 (Chrono Boost)  
  179  15:45  Zealot x11  
  147  16:04  Observer, Zealot  
  118  16:05  Zealot x7  
  118  16:11  Zealot x2  
  118  16:12  Disruptor x2 (Chrono Boost)  
  118  16:19  Sentry, Zealot  
  122  16:26  Zealot x2  
  122  16:27  Zealot x5  
  122  16:31  Zealot x2  
  140  16:37  Stalker  
  140  16:39  Warp Prism (Chrono Boost)  
  142  16:42  Pylon  
  142  16:44  Observer  
  142  16:46  Warp Prism  
  145  16:51  Stalker x2  
  145  16:53  Zealot  
  153  17:00  Nexus  
  153  17:10  Stalker x4  
  161  17:18  Observer  
  159  17:32  Zealot x8  
  159  17:33  Zealot  
  159  17:34  Assimilator  
  177  17:37  Shield Battery  
  177  17:38  Assimilator  
  177  17:39  Photon Cannon  
  176  17:44  Pylon  
  176  17:50  Stalker x3  
  178  17:54  Shield Battery  
  178  17:58  Photon Cannon  
  178  17:59  Observer  
  178  18:01  Assimilator  
  178  18:02  Zealot x4  
  178  18:03  Zealot x2, Assimilator  
  190  18:05  Protoss Ground Armor Level 3 (Chrono Boost)  
  190  18:22  Zealot x5  
  200  18:35  Protoss Shields Level 1 (Chrono Boost)  
  198  18:45  Pylon  
  194  19:01  Assimilator  
  164  19:03  Disruptor (Chrono Boost), Assimilator  
  166  19:10  Zealot x4  
  166  19:11  Zealot x8  
  166  19:12  Disruptor (Chrono Boost)  
  190  19:27  Colossus (Chrono Boost)  
  196  19:43  Disruptor  
  200  19:45  Nexus  
  200  19:47  Pylon  
  200  19:58  Gravitic Boosters  
  195  20:12  Colossus x2 (Chrono Boost)  
  191  20:19  Zealot x12  
  187  20:24  Colossus (Chrono Boost)  
  187  20:26  Immortal (Chrono Boost)  
  173  20:40  Zealot x3, Stalker x6  
  173  20:41  Zealot  
  191  20:59  Nexus  
  191  21:01  Pylon  
  191  21:03  Stalker x4  
  199  21:12  Warp Prism  
  199  21:22  Observer, Stalker x2  
  200  21:28  Stargate  
  192  21:40  Stalker x5  
  170  21:48  Stalker x4  
  170  21:51  Zealot, Stalker  
Tags
 
Add a new tag
Caveats
  • Supply blocks, unpowered buildings, or Contaminate may cause inaccurate times.
  • Supply counts are checked every 10 seconds.